 Dungeon Crawl Stone Soup version 0.23.2-1-ga50397a (webtiles) character file.

Game seed: 15429152676367875294

10809 Kairos the Markscentaur (level 11, 0/97 HPs)
             Began as a Centaur Hunter on Apr 23, 2019.
             Was a Priest of Okawaru.
             Slain by a vampire mosquito (3 damage)
             ... on level 3 of the Lair of Beasts.
             The game lasted 00:19:58 (13008 turns).

Kairos the Markscentaur (Centaur Hunter)           Turns: 13008, Time: 00:19:58

Health: 0/97       AC:  7    Str: 15    XL:     11   Next: 41%
Magic:  11/11      EV: 11    Int: 10    God:    Okawaru [***...]
Gold:   1017       SH:  0    Dex: 13    Spells: 10/10 levels left

rFire    . . .     SeeInvis .   a - +4 shortbow
rCold    . . .     Gourm    .   (shield currently unavailable)
rNeg     . . .     Faith    .   O - +0 steam dragon scales
rPois    .         Spirit   .   x - +0 helmet
rElec    .         Reflect  .   i - +0 cloak
rCorr    .         Harm     .   (no gloves)
MR       .....                  (no barding)
Stlth    ..........             u - amulet of the acrobat
HPRegen  0.26/turn              F - ring of attention (curse)
MPRegen  0.12/turn              (no ring)

@: very quick
A: large, hooves 3, deformed body, speed 2, tough skin 3
a: Heroism, Renounce Religion


You were on level 3 of the Lair of Beasts.
You worshipped Okawaru.
Okawaru was most pleased with you.
You were not hungry.

You visited 3 branches of the dungeon, and saw 13 of its levels.

You collected 1017 gold pieces.

Inventory:

Hand Weapons
 a - a +4 shortbow (weapon)
 E - a +1 trident of piercing
Missiles
 d - 63 arrows (quivered)
 v - 4 steel tomahawks
 w - 3 javelins
Armour
 c - a +0 leather armour
 i - a +0 cloak (worn)
 m - a +1 robe of fire resistance
 x - a +0 helmet (worn)
 O - +0 steam dragon scales (worn)
Jewellery
 o - an uncursed amulet of rage
 s - an uncursed ring of fire
 u - an amulet of the acrobat (around neck)
 F - a cursed ring of attention (left hand)
Wands
 b - a wand of clouds (10)
 p - a wand of iceblast (11)
 r - a wand of random effects (16)
 A - a wand of polymorph (10)
 D - a wand of digging (4)
 M - a wand of scattershot (5)
Scrolls
 h - 2 scrolls of fear
 j - 3 scrolls of identify
 k - 3 scrolls of immolation
 l - 2 scrolls of random uselessness
 n - 2 scrolls of fog
 q - 4 scrolls of teleportation
 y - a scroll of amnesia {unknown}
 z - 3 scrolls of remove curse {unknown}
 G - a scroll of magic mapping {unknown}
 J - a scroll of vulnerability {unknown}
 N - a scroll of enchant armour
Potions
 e - a potion of might
 g - 2 potions of curing
 t - a potion of cancellation {unknown}
 C - 2 potions of berserk rage {unknown}
 H - a potion of agility {unknown}
 I - a potion of invisibility {unknown}
 K - a potion of flight
 L - a potion of mutation {unknown}
 P - a potion of magic {unknown}
Comestibles
 f - 15 rations


   Skills:
 + Level 9.5 Fighting
 * Level 6.7 Polearms
 + Level 15.9 Bows
 + Level 0.2 Armour
 + Level 4.1 Dodging
 + Level 1.7 Stealth


You had 10 spell levels left.
You didn't know any spells.
Your spell library contained the following spells:

 Spells                   Type           Power        Failure   Level  Hunger
 Confusing Touch          Hex            #.....       36%         1    ##.....
 Sandblast                Erth           #.....       36%         1    ##.....
 Passwall                 Tmut/Erth      #.......     50%         2    ###....
 Confuse                  Hex            #.......     75%         3    ####...
 Gell's Gravitas          Tloc           #.........   75%         3    ####...
 Stone Arrow              Conj/Erth      #.....       75%         3    ####...
 Petrify                  Tmut/Erth      #.......     98%         4    #####..
 Lee's Rapid Deconstruct  Erth           #.........   100%        5    ######.
 Metabolic Englaciation   Hex/Ice        #.........   100%        5    ######.
 Yara's Violent Unravell  Hex/Tmut       #.........   100%        5    ######.


Dungeon Overview and Level Annotations

Branches:
Dungeon (9/15)             Temple (1/1) D:7            Lair (3/6) D:9
  Snake (0/4) Lair:3
  Swamp: Lair:2-4    Shoals: Lair:2-4       Orc: D:9-12

Altars:
Ashenzari
Cheibriados
Dithmenos
Elyvilon
Fedhas
Gozag
Hepliaklqana
Kikubaaqudgha
Makhleb
Nemelex Xobeh
Okawaru
Qazlal
Ru
Sif Muna
Trog
Uskayaw
Vehumet
Xom
Yredelemnul
Zin
The Shining One

Shops:
D:4 %


Innate Abilities, Weirdness & Mutations

You have hooves in place of feet.
Armour fits poorly on your strangely shaped body.
You cover ground very quickly.
You have extremely tough skin. (AC +3)


Message History

* * * LOW HITPOINT WARNING * * *
The vampire mosquito draws strength from your injuries!
Firing (i - inventory. (/) - cycle)
d - 65 arrows (quivered)
Press: ? - help, Shift-Dir - straight line, f/p - vampire mosquito
Aim: a vampire mosquito You shoot an arrow.
The arrow hits the vampire mosquito.
The vampire mosquito is lightly damaged.
The vampire mosquito bites you.
* * * LOW HITPOINT WARNING * * *
The vampire mosquito draws strength from your injuries!
The vampire mosquito bites you!
* * * LOW HITPOINT WARNING * * *
The vampire mosquito draws strength from your injuries!
Firing (i - inventory. (/) - cycle)
d - 64 arrows (quivered)
Press: ? - help, Shift-Dir - straight line, f/p - vampire mosquito
Aim: a vampire mosquito You shoot an arrow.
The arrow hits the vampire mosquito!
The vampire mosquito is severely damaged.
The vampire mosquito bites you.
You die...

#...#..........
#..............
##..............
#...(...........
##..##...........
#..#.............
##.##P............
#..##.............
##@##.............. ###
##y##.#.............
.....###..####.............
#P...(..# #.............
##.###.F## ##............
#.#.P## ##...........
###...# #.......... ##.P#
.......... #...#


You could see a blink frog and a vampire mosquito.

Vanquished Creatures
  3 two-headed ogres
  Maurice (D:8)
  A black mamba (Lair:2)
  The ghost of Ethylacetat the Ruffian, a novice NaTm (D:5)
  A komodo dragon (D:9)
  A spiny frog (Lair:3)
  A troll (D:9)
  A hippogriff (D:9)
  A spriggan (D:8)
  8 yaks
  Sigmund (D:6)
  A steam dragon (Lair:3)
  6 vampire mosquitoes (Lair:3)
  2 porcupines
  3 orc warriors
  2 water moccasins
  5 sky beasts
  A necrophage (D:8)
  2 ice beasts
  2 ogres
  A black bear (D:9)
  3 centaurs
  5 crocodiles
  5 bullfrogs
  A water moccasin zombie (D:8)
  2 water moccasin skeletons
  3 scorpions
  7 killer bees
  A howler monkey (D:5)
  An electric eel (Lair:1)
  A bullfrog zombie (D:7)
  A centaur zombie (D:8)
  4 crimson imps
  6 hounds
  2 quasits
  10 orc wizards
  5 orc priests
  Natasha (D:2)
  An iguana (D:8)
  3 worker ants
  A killer bee zombie (D:8)
  2 hound zombies
  A hound skeleton (D:8)
  A worker ant zombie (D:5)
  7 adders
  7 gnolls
  A shadow imp (D:8)
  2 adder skeletons (D:4)
  2 worms
  2 dart slugs
  3 leopard geckos
  35 orcs
  2 ball pythons
  8 bats
  3 giant cockroaches
  10 goblins
  12 hobgoblins
  13 jackals
  A quokka (D:3)
  4 frilled lizards
  6 kobolds
  A quokka zombie (D:7)
  10 rats
241 creatures vanquished.

Vanquished Creatures (others)
  3 fungi
  2 plants (D:9)
  6 toadstools (D:6)
11 creatures vanquished.

Grand Total: 252 creatures vanquished

Notes
Turn   | Place    | Note
-------+----------+-------------------------------------------
     0 | D:1      | Kairos the Centaur Hunter began the quest for the Orb.
     0 | D:1      | Reached XP level 1. HP: 17/17 MP: 1/1
    49 | D:1      | Reached XP level 2. HP: 24/24 MP: 2/2
    95 | D:1      | Reached skill level 6 in Bows
   378 | D:1      | Reached XP level 3. HP: 30/30 MP: 3/3
  1133 | D:2      | Reached XP level 4. HP: 34/37 MP: 4/4
  1246 | D:2      | Reached skill level 7 in Bows
  1531 | D:2      | Noticed Natasha
  1543 | D:2      | Killed Natasha
  1841 | D:3      | Reached XP level 5. HP: 23/44 MP: 5/5
  2444 | D:3      | Found a bloodstained altar of Trog.
  2510 | D:3      | Reached skill level 8 in Bows
  2954 | D:4      | Reached XP level 6. HP: 42/51 MP: 6/6
  3393 | D:4      | Found Sugyikh's Food Emporium.
  3423 | D:4      | Found an ancient bone altar of Kikubaaqudgha.
  3542 | D:4      | Found a sacrificial altar of Ru.
  3732 | D:4      | Reached skill level 9 in Bows
  3769 | D:5      | Entered Level 5 of the Dungeon
  3994 | D:5      | Reached XP level 7. HP: 28/59 MP: 7/7
  4002 | D:5      | Reached skill level 1 in Polearms
  4366 | D:5      | Noticed a two-headed ogre
  4425 | D:5      | Reached skill level 10 in Bows
  4438 | D:5      | Killed a two-headed ogre
  4438 | D:5      | Reached skill level 11 in Bows
  4438 | D:5      | Reached skill level 1 in Stealth
  4438 | D:5      | Reached XP level 8. HP: 64/67 MP: 8/8
  4724 | D:5      | Found a runed translucent door.
  4726 | D:5      | Noticed Ethylacetat's ghost (novice NaTm)
  5176 | D:5      | Reached skill level 5 in Fighting
  5287 | D:5      | Identified the +4 dagger of Guilt {pierce, rF- Int+6}
  5288 | D:5      | Reached skill level 12 in Bows
  5451 | D:5      | Found a bloodstained altar of Trog.
  5451 | D:5      | Found a glowing golden altar of the Shining One.
  5698 | D:5      | Killed Ethylacetat's ghost
  5698 | D:5      | Reached XP level 9. HP: 74/74 MP: 9/9
  6076 | D:6      | Noticed Sigmund
  6109 | D:6      | Reached skill level 13 in Bows
  6138 | D:6      | Killed Sigmund
  6453 | D:6      | Noticed a two-headed ogre
  6543 | D:6      | Killed a two-headed ogre
  6543 | D:6      | Reached skill level 14 in Bows
  6942 | D:7      | Reached skill level 5 in Polearms
  7130 | D:6      | Reached XP level 10. HP: 69/84 MP: 10/10
  7557 | D:7      | Found a staircase to the Ecumenical Temple.
  7640 | D:7      | Found a shattered altar of Ashenzari.
  7914 | Temple   | Entered the Ecumenical Temple
  8015 | Temple   | Became a worshipper of Warmaster Okawaru
  8267 | D:8      | Found a stormy altar of Qazlal.
  8497 | D:8      | Noticed a two-headed ogre
  8562 | D:8      | Killed a two-headed ogre
  8562 | D:8      | Reached * piety under Okawaru
  8796 | D:8      | Noticed Maurice
  8836 | D:8      | Killed Maurice
  9593 | D:9      | Found a staircase to the Lair.
  9645 | D:9      | Reached skill level 15 in Bows
  9765 | D:9      | Reached ** piety under Okawaru
 10390 | D:9      | Found a sparkling altar of Nemelex Xobeh.
 10415 | D:9      | Found an opulent altar of Gozag.
 10503 | Lair:1   | Entered Level 1 of the Lair of Beasts
 10936 | Lair:1   | Reached *** piety under Okawaru
 10936 | Lair:1   | Reached XP level 11. HP: 89/95 MP: 9/11
 11850 | Lair:2   | Received a gift from Okawaru
 12814 | Lair:3   | Found a staircase to the Snake Pit.
 13007 | Lair:3   | HP: 3/97 [vampire mosquito (7)]
 13008 | Lair:3   | Slain by a vampire mosquito

Skill      XL: |  1  2  3  4  5  6  7  8  9 10 11 |
---------------+----------------------------------+-----
Bows           | 6 7 8 9 11 12 14 15 | 15.9
Fighting       | 3 4 5 6 8 9 |  9.5
Dodging        | 2 3 4 |  4.1
Polearms       | 3 5 6 |  6.7
Stealth        | 1 |  1.7
Armour         | |  0.2

Action                   |  1- 3 |  4- 6 |  7- 9 | 10-12 || total
-------------------------+-------+-------+-------+-------++-------
Melee: Kick              |       |       |     1 |     6 ||     7
       Shortbow          |       |       |     1 |     1 ||     2
       Trident           |       |       |       |    18 ||    18
 Fire: Shortbow          |   149 |   228 |   345 |   531 ||  1253
Invok: Heroism           |       |       |       |     4 ||     4
Evoke: Wand              |       |       |       |     1 ||     1
  Use: Scroll            |       |     3 |       |     9 ||    12
       Potion            |       |     4 |     1 |     7 ||    12
  Eat: Chunk             |       |     6 |     8 |     3 ||    17
       Ration            |       |       |       |     3 ||     3
Armor: Leather armour    |    24 |       |       |       ||    24
       Robe              |    10 |    19 |    21 |    19 ||    69
       Skin              |       |     6 |     6 |       ||    12
       Steam dragon scal |       |       |       |    21 ||    21
Dodge: Dodged            |    45 |    38 |    37 |   144 ||   264
